 Dungeon Crawl Stone Soup version 0.29.0-4-gdea44cf6ec (webtiles) character file.

Game seed: 12802860541482499120

5536 qw the Grappler (level 10, -5/96 HPs)
             Began as a Troll Cinder Acolyte on Sept 3, 2022.
             Was a Priest of Ignis.
             Slain by a centaur warrior zombie (7 damage)
             ... on level 9 of the Dungeon.
             The game lasted 00:03:43 (7202 turns).

qw the Grappler (Troll Cinder Acolyte)              Turns: 7202, Time: 00:03:44

Health: -5/96      AC: 14    Str: 34    XL:     10   Next: 43%
Magic:  10/10      EV: 25    Int: 10    God:    Ignis [***...]
Gold:   534        SH:  0    Dex: 11    Spells: 11/11 levels left

rFire   + . .      SeeInvis .     - Unarmed
rCold   . . .      Faith    .   (no shield)
rNeg    . . .      Spirit   .   a - +1 robe of Summer {rPois Str+6}
rPois   +          Reflect  .   (helmet restricted)
rElec   .          Harm     .   e - +1 cloak
rCorr   .          Rampage  .   (gloves unavailable)
Will    .....                   (boots unavailable)
Stlth   +.........              b - amulet of the acrobat
HPRegen 1.06/turn               l - +6 ring of dexterity
MPRegen 0.12/turn               (no ring)

@: about to teleport, acrobatic, fiery-armoured
A: large, unfitting armour, claws 3, regeneration 1, shaggy fur 1, tough skin 1
a: Renounce Religion, Fiery Armour, Foxfire Swarm, Rising Flame


You were on level 9 of the Dungeon.
You worshipped Ignis.
Ignis was most pleased with you.
You visited 1 branch of the dungeon, and saw 9 of its levels.

You collected 534 gold pieces.


Innate Abilities, Weirdness & Mutations

You are too large for most types of armour.
You have claws for hands.
Your natural rate of healing is unusually fast.
You are covered in fur. (AC +1)
You have tough skin. (AC +1)


   Skills:
 - Level 5.0 Fighting
 - Level 5.0 Throwing
 - Level 1.2 Armour
 - Level 3.1 Dodging
 + Level 13.1 Unarmed Combat
 - Level 1.0 Spellcasting
 - Level 2.1 Fire Magic


You had 11 spell levels left.
You didn't know any spells.
Your spell library contained the following spells:

 Spells                   Type           Power      Damage    Failure   Level
 Scorch                   Fire           8%         2d5       22%         2

Inventory:

Missiles
 d - 14 boomerangs (quivered)
 j - 2 large rocks
Armour
 a - the +1 robe of Summer (worn) {rPois Str+6}
   (You took it off an orc on level 7 of the Dungeon)

   Str:       It affects your strength (+6).
   rPois:     It protects you from poison.
 e - a +1 cloak (worn)
Jewellery
 b - an amulet of the acrobat (around neck)
 k - a ring of ice
 l - a +6 ring of dexterity (left claw)
Scrolls
 c - a scroll of identify
 g - 2 scrolls of teleportation
Potions
 h - a potion of haste
 i - a potion of might
 n - a potion of magic {unknown}
 o - a potion of cancellation {unknown}
 p - a potion of resistance
 q - a potion of curing

Dungeon Overview and Level Annotations

Branches:
Dungeon (9/15)             Temple (0/1) D:6
   Lair: D:8-11         Orc: D:9-12

Altars:
Nemelex Xobeh
Trog
Yredelemnul

Annotations:
D:8 2 transporters, qw's ghost, novice TeWr
D:9 2 runed translucent doors, Erolcha


Message History

7196 ||| Stepping ~*~*~tactically~*~*~ (outnumbered).
7197 ||| Stepping ~*~*~tactically~*~*~ (outnumbered).
The two-headed ogre attacks as you move away!
The two-headed ogre completely misses you. x2
You claw the boggart zombie!
The boggart zombie is moderately damaged.
The boggart zombie barely misses you. Something hits you!!
7199 ||| READING 3 scrolls of teleportation.
As you read the scroll of teleportation, it crumbles to dust.
You feel strangely unstable.
The centaur warrior zombie hits you but does no damage.
The centaur warrior zombie is burned by your cloak of flames.
The centaur warrior zombie is lightly damaged.
The centaur warrior zombie kicks you but does no damage.
The centaur warrior zombie is burned by your cloak of flames.
The centaur warrior zombie is lightly damaged.
The boggart zombie hits you but does no damage.
The boggart zombie is burned by your cloak of flames.
The boggart zombie is moderately damaged.
7200 ||| Stepping ~*~*~tactically~*~*~ (outnumbered).
The two-headed ogre attacks as you move away!
The two-headed ogre hits you with a +0 dire flail.
The two-headed ogre is burned by your cloak of flames.
The two-headed ogre is almost dead.
The two-headed ogre closely misses you.
The boggart zombie attacks as you move away!
The boggart zombie closely misses you.
You claw the centaur warrior zombie!
The centaur warrior zombie is moderately damaged.
The centaur warrior zombie hits you but does no damage.
The centaur warrior zombie is burned by your cloak of flames.
The centaur warrior zombie is moderately damaged.
The centaur warrior zombie kicks you but does no damage.
The centaur warrior zombie is burned by your cloak of flames.
The centaur warrior zombie is moderately damaged.
Something hits you.
A boggart zombie comes into view.
7202 ||| Stepping ~*~*~tactically~*~*~ (outnumbered).
The centaur warrior zombie hits you!
You die...

Z.......8........
8................
...P...8P......
.P......)..# #........#
######....Z...#
.......Z......#
........Z.....#
...######@O.$...## #.
#..# #........... .. #..#
#............ .. #..#
#............ ..## #..#
#........#### 8..# #..#
#........# #..#
#..######........#
#..#####......))........#
#.............)..........


You could see a two-headed ogre, a boggart zombie and 2 centaur warrior zombies.

Vanquished Creatures
  Amaemon (D:9)
  2 centaur skeletons (D:9)
  A hellwing (D:9)
  2 hornets (D:8)
  A steam dragon (D:7)
  3 water moccasins
  A hornet zombie (D:8)
  4 orc warriors
  A black bear (D:7)
  2 ogres (D:4)
  4 centaurs
  3 kobold brigands (D:8)
  2 gnoll sergeants
  2 necrophages
  A wyvern zombie (D:8)
  5 bullfrogs
  3 scorpions
  4 wights (D:7)
  A killer bee (D:7)
  3 howler monkeys
  2 lava snakes (D:8)
  3 hounds
  7 orc priests
  A gnoll bouda (D:8)
  2 jellies
  3 iguanas
  7 orc wizards
  9 gnolls
  4 adders
  A white imp (D:8)
  4 shadow imps
  An ufetubus (D:5)
  A worm (D:3)
  3 dart slugs
  36 orcs
  3 ball pythons
  3 endoplasms (D:1)
  A giant cockroach (D:4)
  4 goblins
  7 hobgoblins
  5 jackals (D:4)
  2 quokkas
  7 bats
  4 frilled lizards
  18 kobolds
  A rat (D:1)
185 creatures vanquished.

Vanquished Creatures (others)
  2 withered plants (D:9)
2 creatures vanquished.

Grand Total: 187 creatures vanquished

Notes
Turn   | Place    | Note
-------+----------+-------------------------------------------
     0 | D:1      | qw the Troll Cinder Acolyte began the quest for the Orb.
     0 | D:1      | Reached XP level 1. HP: 22/22 MP: 1/1
     0 | D:1      | 0 ||| qw: Version: 0.1-a-100-g36b9a1f
     0 | D:1      | 0 ||| qw: Game counter: 5035
     0 | D:1      | 0 ||| qw: Always use a shield: true
     0 | D:1      | 0 ||| qw: God list: Okawaru
     0 | D:1      | 0 ||| qw: Allow faded altars: false
     0 | D:1      | 0 ||| qw: Do Orc after D:15 true
     0 | D:1      | 0 ||| qw: Do second Lair branch before Depths: true
     0 | D:1      | 0 ||| qw: Lair rune preference: random
     0 | D:1      | 0 ||| qw: Plans: Normal
     0 | D:1      | 0 ||| PLANNING D:1-11
   246 | D:1      | Reached XP level 2. HP: 29/29 MP: 2/2
   565 | D:1      | 565 ||| Stepping ~*~*~tactically~*~*~ (outnumbered).
   566 | D:1      | 566 ||| Stepping ~*~*~tactically~*~*~ (outnumbered).
   569 | D:1      | Reached skill level 4 in Unarmed Combat
   966 | D:1      | 966 ||| UPGRADING to amulet of the acrobat.
   971 | D:1      | 971 ||| DROPPING amulet of magic regeneration.
   972 | D:1      | 972 ||| READING scroll labelled WIPNISM ORCHU.
   973 | D:1      | 973 ||| READING 2 scrolls labelled ROLOCIY QOARY.
  1148 | D:2      | Reached XP level 3. HP: 36/36 MP: 3/3
  1169 | D:2      | Found a bloodstained altar of Trog.
  1482 | D:2      | 1482 ||| READING scroll labelled SEPNOQ MEOTH.
  1483 | D:2      | 1483 ||| READING 2 scrolls of identify.
  1483 | D:2      | 1483 ||| IDENTIFYING clear potion
  1484 | D:2      | 1484 ||| DROPPING potion of lignification.
  1636 | D:3      | 1636 ||| Stepping ~*~*~tactically~*~*~ (stealth).
  1825 | D:3      | Reached skill level 1 in Throwing
  2130 | D:3      | 2130 ||| READING scroll labelled RENADGH DUPIXE.
  2131 | D:3      | 2131 ||| READING scroll labelled HEOLEHA RYGRU.
  2135 | D:3      | 2135 ||| READING scroll labelled EXUFOBI REUMN.
  2152 | D:4      | 2152 ||| STAIRDANCE
  2155 | D:3      | Reached XP level 4. HP: 44/44 MP: 4/4
  2167 | D:4      | 2167 ||| Stepping ~*~*~tactically~*~*~ (stealth).
  2170 | D:4      | Reached skill level 5 in Unarmed Combat
  2296 | D:4      | Noticed an ogre
  2300 | D:4      | Killed an ogre
  2301 | D:4      | Reached skill level 6 in Unarmed Combat
  2301 | D:4      | Reached XP level 5. HP: 50/50 MP: 5/5
  2518 | D:4      | 2518 ||| Stepping ~*~*~tactically~*~*~ (outnumbered).
  2519 | D:4      | 2519 ||| Stepping ~*~*~tactically~*~*~ (outnumbered).
  2522 | D:4      | 2522 ||| Stepping ~*~*~tactically~*~*~ (outnumbered).
  2555 | D:4      | Reached XP level 6. HP: 50/59 MP: 6/6
  2624 | D:4      | 2624 ||| FLEEEEING.
  2625 | D:4      | 2625 ||| FLEEEEING.
  2626 | D:4      | 2626 ||| FLEEEEING.
  2627 | D:4      | 2627 ||| FLEEEEING.
  2628 | D:4      | 2628 ||| FLEEEEING.
  2629 | D:4      | 2629 ||| FLEEEEING.
  2630 | D:4      | 2630 ||| FLEEEEING.
  2631 | D:4      | 2631 ||| FLEEEEING.
  2632 | D:4      | 2632 ||| FLEEEEING.
  2804 | D:4      | Reached skill level 7 in Unarmed Combat
  2804 | D:4      | 2804 ||| Stepping ~*~*~tactically~*~*~ (outnumbered).
  2837 | D:4      | Found a sparkling altar of Nemelex Xobeh.
  3022 | D:4      | 3022 ||| UPGRADING to +0 cloak.
  3027 | D:4      | 3027 ||| READING scroll labelled YJAKYFUGRA.
  3028 | D:4      | 3028 ||| DRINKING 2 viscous amethyst potions.
  3029 | D:4      | 3029 ||| DROPPING potion of flight.
  3063 | D:5      | Entered Level 5 of the Dungeon
  3068 | D:5      | 3068 ||| INVOKING Fiery Armour.
  3170 | D:5      | Reached XP level 7. HP: 64/66 MP: 7/7
  3310 | D:5      | 3310 ||| Stepping ~*~*~tactically~*~*~ (stealth).
  3313 | D:5      | 3313 ||| INVOKING Fiery Armour.
  3331 | D:5      | Reached skill level 8 in Unarmed Combat
  3349 | D:5      | 3349 ||| FLEEEEING.
  3350 | D:5      | 3350 ||| FLEEEEING.
  3353 | D:5      | 3353 ||| FLEEEEING.
  3354 | D:5      | 3354 ||| FLEEEEING.
  3355 | D:5      | 3355 ||| FLEEEEING.
  3356 | D:5      | 3356 ||| FLEEEEING.
  3357 | D:5      | 3357 ||| FLEEEEING.
  3358 | D:5      | 3358 ||| FLEEEEING.
  3359 | D:5      | 3359 ||| FLEEEEING.
  3360 | D:5      | 3360 ||| FLEEEEING.
  3361 | D:5      | 3361 ||| FLEEEEING.
  3362 | D:5      | 3362 ||| FLEEEEING.
  3363 | D:5      | 3363 ||| FLEEEEING.
  3364 | D:5      | 3364 ||| STAIRDANCE
  3374 | D:4      | 3374 ||| UPGRADING to +6 ring of dexterity.
  3375 | D:4      | 3375 ||| READING 2 scrolls of identify.
  3375 | D:4      | 3375 ||| IDENTIFYING red potion
  3376 | D:4      | 3376 ||| DROPPING potion of brilliance.
  3380 | D:5      | 3380 ||| STAIRDANCE
  3487 | D:5      | Reached skill level 1 in Dodging
  3631 | D:5      | Reached skill level 3 in Fighting
  3810 | D:5      | 3810 ||| DRINKING 2 murky brown potions.
  3811 | D:5      | 3811 ||| READING 2 scrolls of identify.
  3811 | D:5      | 3811 ||| IDENTIFYING yellow potion
  3812 | D:5      | 3812 ||| DROPPING potion of ambrosia.
  3899 | D:6      | 3899 ||| Stepping ~*~*~tactically~*~*~ (hiding).
  4022 | D:6      | 4022 ||| Stepping ~*~*~tactically~*~*~ (hiding).
  4023 | D:6      | 4023 ||| Stepping ~*~*~tactically~*~*~ (hiding).
  4154 | D:6      | Reached skill level 3 in Throwing
  4242 | D:6      | Found a staircase to the Ecumenical Temple.
  4344 | D:6      | Reached XP level 8. HP: 75/75 MP: 8/8
  4518 | D:6      | 4518 ||| Stepping ~*~*~tactically~*~*~ (hiding).
  4529 | D:6      | 4529 ||| INVOKING Fiery Armour.
  4530 | D:6      | 4530 ||| Stepping ~*~*~tactically~*~*~ (outnumbered).
  4532 | D:6      | 4532 ||| Stepping ~*~*~tactically~*~*~ (outnumbered).
  4536 | D:6      | 4536 ||| Stepping ~*~*~tactically~*~*~ (outnumbered).
  4537 | D:6      | 4537 ||| Stepping ~*~*~tactically~*~*~ (outnumbered).
  4538 | D:6      | 4538 ||| Stepping ~*~*~tactically~*~*~ (hiding).
  4651 | D:6      | Reached skill level 9 in Unarmed Combat
  4834 | D:6      | 4834 ||| READING scroll labelled QIHOKIBL WYWN.
  4835 | D:6      | 4835 ||| READING scroll labelled APAKHLO DUSCH.
  4912 | D:7      | 4912 ||| Stepping ~*~*~tactically~*~*~ (hiding).
  4923 | D:7      | 4923 ||| Stepping ~*~*~tactically~*~*~ (hiding).
  4924 | D:7      | 4924 ||| Stepping ~*~*~tactically~*~*~ (hiding).
  4975 | D:7      | 4975 ||| Stepping ~*~*~tactically~*~*~ (stealth).
  4977 | D:7      | 4977 ||| Stepping ~*~*~tactically~*~*~ (stealth).
  4984 | D:7      | Reached skill level 10 in Unarmed Combat
  4987 | D:7      | 4987 ||| INVOKING Fiery Armour.
  4987 | D:7      | HP: 16/75 [orc warrior/+0 battleaxe (5)]
  4988 | D:7      | 4988 ||| READING 4 scrolls of teleportation.
  5101 | D:7      | Reached XP level 9. HP: 84/84 MP: 9/9
  5201 | D:7      | 5201 ||| Stepping ~*~*~tactically~*~*~ (hiding).
  5260 | D:7      | Identified the +1 robe of Summer {rPois Str+6}
  5262 | D:7      | 5262 ||| Stepping ~*~*~tactically~*~*~ (outnumbered).
  5263 | D:7      | 5263 ||| Stepping ~*~*~tactically~*~*~ (outnumbered).
  5269 | D:7      | 5269 ||| INVOKING Fiery Armour.
  5270 | D:7      | 5270 ||| DRINKING potion of curing.
  5270 | D:7      | 5270 ||| (to cure confusion)
  5271 | D:7      | 5271 ||| Stepping ~*~*~tactically~*~*~ (outnumbered).
  5273 | D:7      | 5273 ||| Stepping ~*~*~tactically~*~*~ (outnumbered).
  5274 | D:7      | 5274 ||| Stepping ~*~*~tactically~*~*~ (outnumbered).
  5275 | D:7      | 5275 ||| Stepping ~*~*~tactically~*~*~ (outnumbered).
  5289 | D:7      | 5289 ||| FLEEEEING.
  5290 | D:7      | 5290 ||| FLEEEEING.
  5291 | D:7      | 5291 ||| FLEEEEING.
  5298 | D:7      | 5298 ||| STAIRDANCE
  5336 | D:6      | 5336 ||| UPGRADING to +0 steam dragon scales.
  5346 | D:6      | 5346 ||| DROPPING +0 robe.
  5356 | D:7      | 5356 ||| Stepping ~*~*~tactically~*~*~ (stealth).
  5359 | D:7      | 5359 ||| Stepping ~*~*~tactically~*~*~ (hiding).
  5361 | D:7      | 5361 ||| Stepping ~*~*~tactically~*~*~ (hiding).
  5367 | D:7      | Reached skill level 1 in Armour
  5432 | D:7      | 5432 ||| Stepping ~*~*~tactically~*~*~ (stealth).
  5434 | D:7      | 5434 ||| Stepping ~*~*~tactically~*~*~ (stealth).
  5436 | D:7      | 5436 ||| Stepping ~*~*~tactically~*~*~ (stealth).
  5439 | D:7      | 5439 ||| Stepping ~*~*~tactically~*~*~ (stealth).
  5528 | D:7      | 5528 ||| Stepping ~*~*~tactically~*~*~ (hiding).
  5630 | D:7      | 5630 ||| Stepping ~*~*~tactically~*~*~ (hiding).
  5744 | D:7      | 5744 ||| Stepping ~*~*~tactically~*~*~ (hiding).
  5846 | D:7      | 5846 ||| Stepping ~*~*~tactically~*~*~ (stealth).
  5848 | D:7      | 5848 ||| Stepping ~*~*~tactically~*~*~ (outnumbered).
  5850 | D:7      | 5850 ||| INVOKING Fiery Armour.
  5851 | D:7      | 5851 ||| Stepping ~*~*~tactically~*~*~ (outnumbered).
  5852 | D:7      | 5852 ||| Stepping ~*~*~tactically~*~*~ (outnumbered).
  5859 | D:7      | Reached skill level 11 in Unarmed Combat
  5859 | D:7      | 5859 ||| Stepping ~*~*~tactically~*~*~ (outnumbered).
  6020 | D:7      | 6020 ||| UPGRADING to +1 robe of Summer {rPois Str+6}.
  6030 | D:7      | 6030 ||| DROPPING +0 steam dragon scales.
  6031 | D:7      | 6031 ||| READING scroll labelled LEADAU BOER.
  6032 | D:7      | 6032 ||| READING 2 scrolls of identify.
  6032 | D:7      | 6032 ||| IDENTIFYING golden potion
  6064 | D:8      | 6064 ||| Stepping ~*~*~tactically~*~*~ (hiding).
  6085 | D:8      | 6085 ||| Stepping ~*~*~tactically~*~*~ (stealth).
  6093 | D:8      | 6093 ||| Stepping ~*~*~tactically~*~*~ (hiding).
  6228 | D:8      | 6228 ||| Stepping ~*~*~tactically~*~*~ (stealth).
  6231 | D:8      | 6231 ||| Stepping ~*~*~tactically~*~*~ (stealth).
  6232 | D:8      | 6232 ||| Stepping ~*~*~tactically~*~*~ (stealth).
  6249 | D:8      | 6249 ||| Stepping ~*~*~tactically~*~*~ (stealth).
  6301 | D:8      | 6301 ||| FLEEEEING.
  6302 | D:8      | 6302 ||| FLEEEEING.
  6303 | D:8      | 6303 ||| FLEEEEING.
  6304 | D:8      | 6304 ||| FLEEEEING.
  6305 | D:8      | 6305 ||| FLEEEEING.
  6306 | D:8      | 6306 ||| FLEEEEING.
  6307 | D:8      | 6307 ||| FLEEEEING.
  6308 | D:8      | 6308 ||| FLEEEEING.
  6309 | D:8      | 6309 ||| FLEEEEING.
  6310 | D:8      | 6310 ||| FLEEEEING.
  6311 | D:8      | 6311 ||| FLEEEEING.
  6312 | D:8      | 6312 ||| FLEEEEING.
  6321 | D:8      | 6321 ||| Stepping ~*~*~tactically~*~*~ (hiding).
  6322 | D:8      | 6322 ||| Stepping ~*~*~tactically~*~*~ (hiding).
  6356 | D:8      | 6356 ||| READING scroll of enchant armour.
  6356 | D:8      | 6356 ||| ENCHANTING +0 cloak.
  6496 | D:8      | Noticed a queen bee
  6508 | D:8      | Noticed qw's ghost (novice TeWr)
  6517 | D:8      | Found a transporter.
  6520 | D:8      | Found a transporter.
  6575 | D:8      | Reached skill level 12 in Unarmed Combat
  6600 | D:8      | 6600 ||| Stepping ~*~*~tactically~*~*~ (outnumbered).
  6601 | D:8      | 6601 ||| Stepping ~*~*~tactically~*~*~ (outnumbered).
  6744 | D:8      | Reached XP level 10. HP: 91/96 MP: 10/10
  6770 | D:8      | 6770 ||| Stepping ~*~*~tactically~*~*~ (hiding).
  6791 | D:8      | 6791 ||| Stepping ~*~*~tactically~*~*~ (stealth).
  6793 | D:8      | 6793 ||| Stepping ~*~*~tactically~*~*~ (stealth).
  6823 | D:8      | Found a basalt altar of Yredelemnul.
  6938 | D:8      | 6938 ||| READING scroll labelled YSIPRA FAPAMN.
  6939 | D:8      | 6939 ||| READING scroll labelled EZOONU LEJI.
  6940 | D:8      | 6940 ||| READING 3 scrolls of identify.
  6940 | D:8      | 6940 ||| IDENTIFYING dark potion
  6941 | D:8      | 6941 ||| READING 2 scrolls of identify.
  6941 | D:8      | 6941 ||| IDENTIFYING emerald potion
  6942 | D:8      | 6942 ||| DROPPING potion of attraction.
  7055 | D:9      | Found a large runed translucent door.
  7056 | D:9      | Found a large runed translucent door.
  7077 | D:9      | 7077 ||| Stepping ~*~*~tactically~*~*~ (hiding).
  7081 | D:9      | 7081 ||| Stepping ~*~*~tactically~*~*~ (stealth).
  7087 | D:9      | 7087 ||| Stepping ~*~*~tactically~*~*~ (outnumbered).
  7135 | D:9      | Noticed Amaemon
  7136 | D:9      | 7136 ||| FLEEEEING.
  7137 | D:9      | 7137 ||| FLEEEEING.
  7141 | D:9      | 7141 ||| Stepping ~*~*~tactically~*~*~ (stealth).
  7150 | D:9      | Killed Amaemon
  7151 | D:9      | Reached skill level 13 in Unarmed Combat
  7184 | D:9      | Noticed Erolcha
  7184 | D:9      | Noticed a two-headed ogre
  7185 | D:9      | 7185 ||| INVOKING Fiery Armour.
  7192 | D:9      | Reached skill level 3 in Dodging
  7196 | D:9      | 7196 ||| Stepping ~*~*~tactically~*~*~ (outnumbered).
  7197 | D:9      | 7197 ||| Stepping ~*~*~tactically~*~*~ (outnumbered).
  7198 | D:9      | HP: 6/96 [something (25)]
  7199 | D:9      | 7199 ||| READING 3 scrolls of teleportation.
  7200 | D:9      | 7200 ||| Stepping ~*~*~tactically~*~*~ (outnumbered).
  7201 | D:9      | HP: 1/96 [something (4)]
  7202 | D:9      | 7202 ||| Stepping ~*~*~tactically~*~*~ (outnumbered).
  7202 | D:9      | Slain by a centaur warrior zombie

Levels and vault maps discovered:
D:1:      co_arrival_square_in_a_square_in_a_square, layout_basic
D:2:      layout_basic, basic_altar
D:3:      layout_basic, chequers_serial_rivers_large_a
D:4:      layout_basic, mainiacjoe_overflow_alcove_2, dk_vineyard_2,
          minmay_misc_feat_enclosed, hangedman_abyss_or_decor_passed,
          minmay_fractal_squares_diagonal_5
D:5:      layout_basic
D:6:      layout_basic, minmay_temple_entry_junction
D:7:      minmay_recursive_quarters, layout_basic
D:8:      layout_rooms, lemuel_zombie_altar_yredelemnul, gammafunk_ghost_hive,
          minmay_misc_feat_room, kennysheep_cluttered_room,
          chequers_serial_rivers_micro_e, minmay_starry_boxes
D:9:      cheibrodos_grave_circle, layout_small_grid,
          nicolae_overflow_crystal_walls, jmf_multi_god_temple2, uniq_erolcha,
          uniq_amaemon

Skill      XL: |  1  2  3  4  5  6  7  8  9 10 |
---------------+-------------------------------+-----
Unarmed Combat | 4 6 7 8 10 12 13 | 13.1
Throwing       | 1 2 3 4 5 |  5.0
Dodging        | 1 2 3 |  3.1
Fighting       | 3 4 5 |  5.0
Armour         | 1 |  1.2
Spellcasting   | |  1.0
Fire Magic     | |  2.1

Action                   |  1- 3 |  4- 6 |  7- 9 | 10-12 || total
-------------------------+-------+-------+-------+-------++-------
Melee: Unarmed           |   104 |    61 |   207 |    50 ||   422
       Punch             |     1 |     1 |     7 |     5 ||    14
Throw: Boomerang         |    13 |       |    13 |     4 ||    30
       Large rock        |     7 |    29 |    35 |     5 ||    76
Invok: Fiery Armour      |       |     1 |     5 |     1 ||     7
  Use: Scroll            |     7 |     1 |     8 |     5 ||    21
       Potion            |       |     1 |     2 |       ||     3
Armor: Robe              |    36 |    18 |    51 |    18 ||   123
       Steam dragon scal |       |       |    17 |       ||    17
Dodge: Dodged            |    54 |    33 |   127 |    32 ||   246

Table legend:
 A = Non-vault XP
 B = Vault XP
 C = Vault XP percentage of total XP
 D = Non-vault monster count
 E = Vault monster count
 F = Vault count percentage of total count
                 A         B        C        D         E       F
            +---------+---------+-------+---------+---------+-------
      Total |    4445 |    3464 |  43.8 |     160 |      25 |  13.5
            +---------+---------+-------+---------+---------+-------
        D:1 |      33 |       0 |   0.0 |      19 |       0 |   0.0
        D:2 |      34 |       0 |   0.0 |       8 |       0 |   0.0
        D:3 |      41 |       0 |   0.0 |       7 |       0 |   0.0
        D:4 |     417 |      46 |   9.9 |      31 |       4 |  11.4
        D:5 |     682 |       0 |   0.0 |      15 |       0 |   0.0
        D:6 |     699 |       0 |   0.0 |      27 |       0 |   0.0
        D:7 |    1281 |     614 |  32.4 |      27 |       6 |  18.2
        D:8 |    1087 |     922 |  45.9 |      22 |      10 |  31.2
        D:9 |     171 |    1882 |  91.7 |       4 |       5 |  55.6
            +---------+---------+-------+---------+---------+-------
